 Dungeon Crawl Stone Soup version 0.27-a0-279-gdfb9265905 (webtiles) character file.

Game seed: 12693206798493742903

567335 runemasterragnar the Earth Mage (level 24, -13/296 HPs)
             Began as a Troll Monk on Feb 8, 2021.
             Was a High Priest of Cheibriados.
             Killed from afar by a fire giant (17 damage)
             ... with a bolt of fire
             ... on level 5 of the Depths.
             The game lasted 02:03:10 (49311 turns).

runemasterragnar the Earth Mage (Troll Monk)       Turns: 49311, Time: 02:03:11

Health: -13/296    AC: 36    Str: 35    XL:     24   Next: 97%
Magic:  39/39      EV: 19    Int: 27    God:    Cheibriados [*****.]
Gold:   7465       SH: 37    Dex: 25    Spells: 6/43 levels left

rFire    . . .     SeeInvis +     - Unarmed
rCold    + . .     Faith    .   y - +10 tower shield of Ignorance {rN+ Int-4}
rNeg     + + .     Spirit   .   (armour currently unavailable)
rPois    ∞         Reflect  +   o - +3 crown of Dyrovepreva {rElec Int+2 SInv}
rElec    +         Harm     .   D - +2 cloak {Will+}
rCorr    .         Rampage  .   (gloves unavailable)
Will     ++...                  (boots unavailable)
Stlth    ++++++....             F - amulet of Reusteun {Reflect rC+ Int+4 SH+5}
HPRegen  1.39/turn              q - ring "Ohomud" {Dex+4 Slay+4 Stlth+}
MPRegen  0.26/turn              z - ring of Shadows {Umbra +Inv Stlth+}

@: about to teleport, statue-form, marked, very slightly contaminated, wreathed
by umbra, studying 3 skills, very slow
A: large, unfitting armour, claws 3, rugged brown scales 1, clumsy 1,
deterioration 1, high mp 1, regeneration 2, weak 1
}: 4/15 runes: serpentine, barnacled, slimy, silver
a: End Transformation, Renounce Religion, Evoke Invisibility, Bend Time,
Temporal Distortion, Slouch, Step From Time


You were on level 5 of the Depths.
You worshipped Cheibriados.
Cheibriados was extremely pleased with you.
You were a stone statue.
You visited 10 branches of the dungeon, and saw 49 of its levels.
You visited 1 bazaar.
You also visited: Trove, Ossuary, Bailey, Gauntlet and Ice Cave.

You collected 9849 gold pieces.
You spent 2384 gold pieces at shops.

Inventory:

Missiles
 d - 165 poisoned darts
 n - 81 large rocks
 u - 23 silver boomerangs
 C - 8 atropa-tipped darts
 J - 62 boomerangs (quivered)
 K - 36 javelins
 P - 91 silver javelins
 X - 7 throwing nets
Armour
 o - the +3 crown of Dyrovepreva (worn) {rElec Int+2 SInv}
   (You found it in a treasure trove)

   It affects your intelligence (+2).
   It insulates you from electricity.
   It lets you see invisible.
 y - the +10 tower shield of Ignorance (worn) {rN+ Int-4}
   (You found it in a treasure trove)

   It affects your intelligence (-4).
   It protects you from negative energy.
 D - a +2 cloak of willpower (worn)
 L - the +4 skin of Zhor (melded) {Englaciate rC+++ SInv}
   (You bought it in a shop on level 9 of the Dungeon)

   It renders you almost immune to cold.
   It lets you see invisible.
Jewellery
 q - the ring "Ohomud" (left claw) {Dex+4 Slay+4 Stlth+}
   (You found it in a Gauntlet)

   [ring of slaying]

   It affects your dexterity (+4).
   It affects your accuracy and damage with ranged weapons and melee attacks
   (+4).
   It makes you more stealthy.
 r - an uncursed amulet of guardian spirit
 w - a +6 ring of intelligence
 z - the ring of Shadows (right claw) {Umbra +Inv Stlth+}
   (You found it on level 3 of the Elven Halls)

   [ring of stealth]

   It lets you turn invisible.
   It makes you more stealthy.
 A - an uncursed ring of willpower
 F - the amulet of Reusteun (around neck) {Reflect rC+ Int+4 SH+5}
   (You found it on level 5 of the Pits of Slime)

   [amulet of reflection]

   It shields you and reflects attacks.
   It affects your intelligence (+4).
   It protects you from cold.
   It affects your SH (+5).
Wands
 a - a wand of charming (11)
 e - a wand of iceblast (73)
 t - a wand of paralysis (37)
 Q - a wand of acid (23)
 R - a wand of digging (13)
Scrolls
 c - 6 scrolls of fog
 f - a scroll of amnesia
 g - 29 scrolls of remove curse
 k - 4 scrolls of enchant armour
 s - 6 scrolls of teleportation
 v - 2 scrolls of summoning
 B - 8 scrolls of fear
 N - 4 scrolls of identify
 U - a scroll of blinking
 W - 4 scrolls of magic mapping
Potions
 b - 19 potions of curing
 h - 2 potions of mutation
 i - 6 potions of might
 j - 13 potions of brilliance
 l - 9 potions of heal wounds
 m - 13 potions of flight
 p - 5 potions of resistance
 H - 3 potions of ambrosia
 M - 4 potions of cancellation
 O - 5 potions of magic
 S - 3 potions of invisibility
Miscellaneous
 x - a phantom mirror (inert)
 I - a phantom mirror (inert)
 T - a condenser vane


   Skills:
 - Level 9.6 Fighting
 - Level 11.0 Throwing
 - Level 9.6 Dodging
 - Level 1.4 Stealth
 * Level 12.5 Shields
 - Level 12.3 Unarmed Combat
 - Level 10.1 Spellcasting
 * Level 7.6 Conjurations
 - Level 16.4 Transmutations
 * Level 20.4 Earth Magic
 - Level 11.8 Invocations


You had 6 spell levels left.
You knew the following spells:

 Your Spells              Type           Power        Failure   Level
a - Statue Form           Tmut/Erth      56%          1%          6
b - Shatter               Erth           45%          85%         9
c - Dragon Form           Tmut           40%          7%          7
d - Blink                 Tloc           N/A          11%         2
e - Lee's Rapid Deconstr  Erth           45%          1%          5
f - Lehudib's Crystal Sp  Conj/Erth      37%          82%         8

Your spell library contained the following spells:

 Spells                   Type           Power        Failure   Level
 Beastly Appendage        Tmut           100%         0%          1
 Sandblast                Erth           100%         0%          1
 Passwall                 Tmut/Erth      70%          0%          2
 Wereblood                Tmut           80%          0%          2
 Foxfire                  Conj/Fire      100%         1%          1
 Magic Dart               Conj           100%         1%          1
 Shock                    Conj/Air       100%         1%          1
 Sting                    Tmut/Pois      100%         1%          1
 Searing Ray              Conj           100%         1%          2
 Spider Form              Tmut/Pois      27%          1%          3
 Stone Arrow              Conj/Erth      100%         1%          3
 Animate Armour           Summ/Erth      100%         1%          4
 Leda's Liquefaction      Hex/Erth       31%          1%          4
 Petrify                  Tmut/Erth      85%          1%          4
 Blade Hands              Tmut           40%          1%          5
 Irradiate                Conj/Tmut      34%          1%          5
 Hydra Form               Tmut           40%          1%          6
 Ignite Poison            Fire/Tmut/Pois 43%          2%          3
 Ice Form                 Ice/Tmut       55%          2%          4
 Borgnjor's Vile Clutch   Necr/Erth      31%          3%          5
 Iron Shot                Conj/Erth      37%          3%          6
 Conjure Flame            Conj/Fire      34%          4%          3
 Dazzling Flash           Conj/Hex       68%          4%          3
 Static Discharge         Conj/Air       34%          4%          3
 Bolt of Magma            Conj/Fire/Erth 29%          4%          5
 Animate Skeleton         Necr           26%          7%          1
 Apportation              Tloc           26%          7%          1
 Corona                   Hex            14%          7%          1
 Summon Small Mammal      Summ           52%          7%          1
 Alistair's Intoxication  Tmut/Pois      36%          7%          5
 Yara's Violent Unravell  Hex/Tmut       27%          7%          5
 Mephitic Cloud           Conj/Pois/Air  27%          8%          3
 Iskenderun's Battlesphe  Conj           53%          9%          5
 Call Imp                 Summ           13%          11%         2
 Corpse Rot               Necr/Air       N/A          11%         2
 Ensorcelled Hibernation  Hex/Ice        26%          11%         2
 Poisonous Vapours        Pois/Air       26%          11%         2
 Slow                     Hex            13%          11%         2
 Sublimation of Blood     Necr           6%           11%         2
 Swiftness                Air            13%          11%         2
 Fulminant Prism          Conj/Hex       17%          14%         4
 Hailstorm                Conj/Ice       34%          14%         4
 Iskenderun's Mystic Bla  Conj/Tloc      34%          14%         4
 Call Canine Familiar     Summ           13%          22%         3
 Confusing Touch          Hex            13%          22%         3
 Gell's Gravitas          Tloc           6%           22%         3
 Inner Flame              Hex/Fire       13%          22%         3
 Lesser Beckoning         Tloc           6%           22%         3
 Portal Projectile        Hex/Tloc       26%          22%         3
 Summon Guardian Golem    Hex/Summ       13%          22%         3
 Teleport Other           Tloc           13%          22%         3
 Tukima's Dance           Hex            13%          22%         3
 Eringya's Noxious Bog    Tmut/Pois      27%          36%         6
 Lightning Bolt           Conj/Air       17%          38%         5
 Airstrike                Air            6%           56%         4
 Cause Fear               Hex            6%           56%         4
 Dispel Undead            Necr           13%          56%         4
 Olgreb's Toxic Radiance  Pois           13%          56%         4
 Passage of Golubria      Tloc           N/A          56%         4
 Summon Ice Beast         Ice/Summ       13%          56%         4
 Summon Lightning Spire   Summ/Air       13%          56%         4
 Excruciating Wounds      Necr           6%           89%         5
 Metabolic Englaciation   Hex/Ice        6%           89%         5
 Silence                  Hex/Air        6%           89%         5
 Summon Forest            Summ/Tloc      6%           89%         5
 Summon Mana Viper        Hex/Summ       13%          89%         5
 Conjure Ball Lightning   Conj/Air       17%          92%         6
 Starburst                Conj/Fire      17%          92%         6
 Freezing Cloud           Conj/Ice/Air   13%          98%         6
 Death Channel            Necr           6%           100%        6
 Dispersal                Tloc           6%           100%        6
 Invisibility             Hex            13%          100%        6
 Shadow Creatures         Summ           N/A          100%        6
 Orb of Destruction       Conj           26%          95%         7
 Malign Gateway           Summ/Tloc      6%           100%        7
 Spellforged Servitor     Conj/Summ      17%          100%        7
 Summon Hydra             Summ           6%           100%        7
 Chain Lightning          Conj/Air       17%          100%        8
 Disjunction              Tloc           6%           100%        8
 Absolute Zero            Ice            6%           100%        9
 Dragon's Call            Summ           6%           100%        9
 Fire Storm               Conj/Fire      17%          100%        9
 Tornado                  Air            6%           100%        9


Dungeon Overview and Level Annotations

Branches:
Dungeon (15/15)            Temple (1/1) D:7            Lair (6/6) D:10
 Shoals (4/4) Lair:4        Snake (4/4) Lair:2        Slime (5/5) Lair:6
    Orc (2/2) D:9             Elf (3/3) Orc:2        Vaults (5/5) D:14
  Crypt (0/3) Vaults:2     Depths (5/5) D:15        Ossuary (visited)
 Bailey (visited)           IceCv (visited)         Gauntlet (visited)
    Zot: Depths:5

Altars:
Ashenzari
Cheibriados
Dithmenos
Elyvilon
Fedhas
Gozag
Hepliaklqana
Kikubaaqudgha
Makhleb
Nemelex Xobeh
Okawaru
Qazlal
Ru
Sif Muna
Trog
Uskayaw
Vehumet
Wu Jian
Xom
Yredelemnul
Zin
The Shining One
Beogh
Jiyva

Shops:
D:9 =[   D:15 (   Orc:2 (([!   Elf:1 (   Shoals:3 *   Snake:3 =:=   Vaults:2 (
Vaults:3 ?   Vaults:4 (

Portals:
Hell: Depths:1 Depths:2 Depths:4
Abyss: Depths:4

Annotations:
D:6 2 runed translucent doors, puppykicker's ghost, novice OpAK
D:11 1 runed translucent door, lunkers's ghost, journeyman HOHu
D:13 3 runed translucent doors, Sydari's ghost, journeyman SpEn
Lair:6 exclusion: oklob plant
Shoals:2 3 runed translucent doors
Depths:1 Mara
Depths:5 Mennas


Innate Abilities, Weirdness & Mutations

You are too large for most types of armour.
You have claws for hands.
You heal very quickly.
((You are covered in fur. (AC +1)))
((You have extremely tough skin. (AC +3)))
(You are partially covered in rugged brown scales. (AC +1, +3% HP))
((You are partially covered in slimy green scales. (AC +2)))
((You are partially covered in yellow scales. (AC +2)))
You are clumsy. (Dex -2)
Your body sometimes deteriorates upon taking damage.
You have an increased reservoir of magic. (+10% MP)
You are weak. (Str -2)


Message History

You feel strangely unstable.
You are no longer corroded.
You block the caustic shrike's attack. x2; You block the fire giant's attack.
You block the caustic shrike's attack.
A hell knight comes into view.
It is wielding a +2 long sword of flaming.
The hell knight points at you and mumbles some strange words.
The bolt of fire hits you!!
* * * LOW HITPOINT WARNING * * *
Unknown command.
Unknown command.
You block the caustic shrike's attack. x2
The fire giant points at you and mumbles some strange words.
The bolt of fire hits you!!!
* * * LOW HITPOINT WARNING * * *
The caustic shrike misses you.
A necromancer comes into view. It is wielding a +0 quarterstaff.
The fire giant gestures at you while chanting.
The bolt of fire hits the hell knight.
The hell knight completely resists.
The bolt of fire hits you!
You die... ... .Cpp

.....
.....#####
......#§§###
.[...§§§§..#
#...§§pCp##
#.....§p§p.#
#...###§Gb8#
### #..≈..#
##....#
##.### ###


You could see a caustic shrike, a fire giant, 3 hell knights, a glowing orange
brain and a necromancer.

Vanquished Creatures
  the Royal Jelly (Slime:5)
  A dread lich (Vaults:5)
  A juggernaut (Depths:4)
  Bai Suzhen (Vaults:4)
  Vashnia (Snake:2)
  Saint Roka (Elf:3)
  2 caustic shrikes (Depths:5)
  2 golden dragons (Depths:4)
  10 tentacled monstrosities
  An Ice Fiend (IceCv)
  The ghost of Meicwirr the Brawler, an adept OgTm of Gozag (Snake:2)
  3 liches
  2 quicksilver dragons (Vaults:5)
  2 deep elf master archers (Elf:3)
  3 deep elf blademasters
  4 titans (Vaults:5)
  Polyphemus (Shoals:2)
  A kraken (Shoals:4)
  15 acid blobs
  Gastronok (Lair:2)
  3 sphinxes
  5 storm dragons
  Kirke (D:13)
  Donald (Shoals:2)
  4 shadow dragons (Vaults:5)
  12 azure jellies
  5 tengu reavers
  11 nagarajas
  An iron dragon (Vaults:5)
  2 fire giants
  11 vault wardens
  7 frost giants
  A draconian scorcher (Depths:5)
  3 deep elf sorcerers (Elf:3)
  Aizul (Snake:2)
  3 deep elf elementalists (Elf:3)
  4 war gargoyles
  A spriggan defender (Depths:4)
  17 stone giants
  11 ironheart preservers
  10 very ugly things
  A vampire knight (Depths:4)
  7 deep elf demonologists
  The ghost of CosmicReverie the Cleaver, a journeyman MiBe of Trog (Orc:2)
  10 deep elf annihilators
  Nessos (D:15)
  A minotaur (Gauntlet)
  2 spark wasps (Depths:5)
  Azrael (Elf:2)
  5 merfolk javelineers
  15 ettins
  12 deep elf death magi
  A crystal guardian (Vaults:2)
  10 merfolk impalers
  5 deep elf high priests
  10 death oozes (Slime:5)
  19 yaktaur captains
  12 great orbs of eyes
  3 rakshasas
  Harold (Lair:1)
  9 fire dragons
  11 boulder beetles
  4 hydras
  9 naga warriors
  4 ice dragons
  36 vault guards
  19 ogre magi
  A spriggan air mage (Depths:2)
  4 death knights
  2 catoblepae
  2 alligator snapping turtles
  A hell beast (Depths:1)
  7 anacondas
  10 merfolk aquamancers
  8 centaur warriors
  Erica (D:9)
  A satyr (Shoals:3)
  71 two-headed ogres
  3 merfolk avatars
  14 death yaks
  22 dancing weapons
  6 deep troll earth magi
  10 deep troll shamans
  3 tengu warriors
  17 naga sharpshooters
  A sun demon (Depths:1)
  A vampire mage (Depths:1)
  Urug (Lair:3)
  A soul eater (Depths:1)
  A spriggan berserker (Depths:4)
  A hell knight (Vaults:5)
  4 spriggans (Depths:4)
  5 shock serpents
  Sonja (Lair:4)
  17 deep elf knights
  A shadow wraith (Vaults:2)
  Nergalle (Lair:1)
  2 skeletal warriors (D:15)
  2 iron trolls (Depths:4)
  A salamander mystic (Snake:3)
  18 sea snakes
  2 unseen horrors
  2 glowing orange brains (Vaults:2)
  21 deep trolls
  2 flayed ghosts
  5 wizards
  18 deep elf archers
  A swamp dragon (Lair:6)
  3 phantasmal warriors
  13 ironbrand convokers
  A lindwurm (Lair:6)
  10 orc knights
  3 naga ritualists
  2 harpies (shapeshifter)
  Pikel (D:5)
  32 harpies
  2 necromancers
  27 deep elf pyromancers
  22 deep elf zephyrmancers
  5 mana vipers
  12 ugly things
  6 wolf spiders
  3 cyclopes
  21 fauns
  9 shining eyes
  A salamander (shapeshifter) (Vaults:2)
  24 manticores
  9 salamanders
  A moth of wrath (Gauntlet)
  2 elephants (shapeshifter)
  12 elephants
  4 guardian serpents
  3 centaur zombies (D:15)
  27 black mambas
  9 water nymphs
  An ice statue (IceCv)
  21 vault sentinels
  An eye of devastation (Slime:5)
  A fire giant skeleton (Depths:1)
  6 merfolk sirens
  3 guardian serpents (shapeshifter)
  A gargoyle (D:13)
  7 torpor snails
  14 naga magi
  A rust devil (Depths:1)
  A hellion (Gauntlet)
  Psyche (D:8)
  Maggie (D:10)
  10 cane toads
  48 yaktaurs
  An elf skeleton (Depths:1)
  2 centaur skeletons (D:15)
  2 komodo dragons (shapeshifter)
  An efreet (D:15)
  6 ice devils
  3 rime drakes (Lair:6)
  A spark wasp simulacrum (Depths:1)
  6 freezing wraiths
  11 komodo dragons
  3 kobold demonologists
  6 tengu conjurers
  4 anaconda simulacra (IceCv)
  A meliai (shapeshifter) (Vaults:1)
  A red devil (Gauntlet)
  6 trolls
  A hornet (shapeshifter) (Vaults:2)
  4 tyrant leeches (Lair:6)
  A polar bear (shapeshifter) (Vaults:5)
  Grinder (D:6)
  A tyrant leech (shapeshifter) (Vaults:5)
  28 merfolk
  7 polar bears
  A wolf spider simulacrum (IceCv)
  14 hornets
  A wind drake (shapeshifter) (D:15)
  A dream sheep (shapeshifter) (Vaults:2)
  A meliai zombie (D:13)
  20 blink frogs
  9 wind drakes
  80 slime creatures
  5 snapping turtles
  20 water elementals
  An air elemental (Elf:1)
  A ynoxinul (D:8)
  A shadow (D:9)
  2 redbacks (Gauntlet)
  A spriggan (shapeshifter) (Vaults:1)
  4 wyverns
  2 dire elephant simulacra (IceCv)
  57 yaks
  A tarantella (shapeshifter) (Depths:1)
  A vampire (D:9)
  8 basilisks
  A hog (shapeshifter) (Vaults:1)
  10 fire elementals
  A wraith (D:12)
  A human (D:14)
  A golden eye (shapeshifter) (Vaults:5)
  2 hogs (D:13)
  2 steam dragons
  Menkaure (D:5)
  5 vampire mosquitoes
  A yaktaur simulacrum (Vaults:1)
  A death yak simulacrum (IceCv)
  9 wargs
  55 nagas
  6 harpy simulacra (IceCv)
  5 hydra simulacra (IceCv)
  An iron troll simulacrum (IceCv)
  An acid dragon (Vaults:2)
  14 water moccasins
  2 floating eyes
  2 hell hounds (Gauntlet)
  3 swamp drakes (Lair:6)
  A deep troll simulacrum (Depths:1)
  26 orc warriors
  3 eyes of draining
  A meliai simulacrum (D:15)
  2 ice beasts
  2 sky beasts
  An ettin simulacrum (IceCv)
  3 black bears
  A necrophage (D:10)
  53 ogres
  9 boggarts
  14 wolves
  10 centaurs
  2 phantoms
  11 big kobolds
  19 bullfrogs
  An earth elemental (Elf:3)
  A wyvern skeleton (D:5)
  4 scorpions
  6 killer bees
  18 wights
  2 electric eels
  4 howler monkeys
  A bullfrog zombie (D:5)
  A quasit (D:12)
  2 draconian simulacra (IceCv)
  An iron imp (Depths:4)
  Crazy Yiuf (D:2)
  5 jellies
  14 orc priests
  13 hounds
  Jessica (D:2)
  7 hell rats (Lair:4)
  11 iguanas
  20 orc wizards
  13 worker ants
  A troll simulacrum (IceCv)
  2 centaur simulacra (IceCv)
  3 hound skeletons
  A howler monkey zombie (D:6)
  4 mummies
  2 worker ant zombies
  16 gnolls
  5 naga simulacra (IceCv)
  3 ogre simulacra (IceCv)
  14 adders
  4 shadow imps
  9 white imps
  9 ufetubi
  5 adder zombies
  An adder skeleton (D:6)
  5 worms
  3 dart slugs
  6 leopard geckos
  108 orcs
  3 ball pythons
  4 bat zombies (D:8)
  4 giant cockroaches
  31 goblins
  25 hobgoblins
  21 jackals
  49 kobolds
  8 quokkas
  7 bats
  5 frilled lizards
  3 goblin zombies (Ossuary)
  3 hobgoblin zombies
  8 kobold skeletons (D:10)
  14 kobold zombies
  A leopard gecko zombie (D:6)
  An orc zombie (D:8)
  A quokka skeleton (D:5)
  5 quokka zombies (Ossuary)
  4 rats
  2 rat zombies
  5 tentacles (Shoals:4)
2191 creatures vanquished.

Vanquished Creatures (collateral kills)
  A very ugly thing (Vaults:5)
  A yaktaur captain (Vaults:5)
  A hell knight (Depths:5)
  A shadow wraith (Vaults:5)
  A shining eye (shapeshifter) (Vaults:5)
5 creatures vanquished.

Vanquished Creatures (others)
  A lich (Depths:4)
  A fire giant (Depths:4)
  A two-headed ogre (D:8)
  3 deep elf knights
  A shadow wraith (Vaults:2)
  A sea snake (Shoals:4)
  A wizard (Depths:4)
  An unseen horror (Vaults:1)
  2 deep elf pyromancers (Elf:2)
  A deep elf zephyrmancer (Vaults:2)
  A faun (Shoals:2)
  A salamander (Snake:3)
  A water elemental (Depths:5)
  A human (D:13)
  An orc warrior (D:14)
  An ogre (Depths:1)
  2 orcs (Elf:3)
  29 fungi
  110 plants
  3 tentacles (Shoals:4)
163 creatures vanquished.

Grand Total: 2359 creatures vanquished

Notes
Turn   | Place    | Note
-------+----------+-------------------------------------------
     0 | D:1      | runemasterragnar the Troll Monk began the quest for the
                  | Orb.
     0 | D:1      | Reached XP level 1. HP: 22/22 MP: 0/0
   125 | D:1      | Reached XP level 2. HP: 24/29 MP: 1/1
   919 | D:2      | Noticed Jessica
   930 | D:2      | Killed Jessica
   931 | D:2      | Reached skill level 1 in Throwing
   931 | D:2      | Reached XP level 3. HP: 14/36 MP: 2/2
  1093 | D:2      | Reached XP level 4. HP: 45/45 MP: 3/3
  1219 | D:2      | Found a runed translucent door.
  1220 | D:2      | Noticed Crazy Yiuf
  1306 | D:2      | Found a faded altar of an unknown god.
  1510 | D:2      | Killed Crazy Yiuf
  1570 | D:3      | Reached XP level 5. HP: 53/53 MP: 4/4
  1765 | D:3      | Found a radiant altar of Vehumet.
  1963 | D:3      | Found a glowing golden altar of the Shining One.
  2091 | D:3      | Found a burning altar of Makhleb.
  2197 | D:3      | Found an ornate altar of the Wu Jian Council.
  2198 | D:3      | Found a shimmering altar of Xom.
  2202 | D:3      | Reached skill level 1 in Shields
  2412 | D:4      | Reached XP level 6. HP: 59/61 MP: 5/5
  2888 | D:4      | Reached XP level 7. HP: 48/67 MP: 6/6
  3475 | D:5      | Entered Level 5 of the Dungeon
  3485 | D:5      | Reached skill level 5 in Unarmed Combat
  3776 | D:5      | Noticed Pikel
  3791 | D:5      | Killed Pikel
  3792 | D:5      | Reached XP level 8. HP: 42/78 MP: 7/7
  4017 | D:5      | Noticed Menkaure
  4024 | D:5      | Killed Menkaure
  4025 | D:5      | Reached skill level 5 in Throwing
  4079 | D:5      | Found a sacrificial altar of Ru.
  4181 | D:5      | Found a shadowy altar of Dithmenos.
  4881 | D:6      | Found a hide-covered altar of Uskayaw.
  4991 | D:6      | Found a large runed translucent door.
  4992 | D:6      | Noticed puppykicker's ghost (novice OpAK)
  5173 | D:6      | Found a large runed translucent door.
  5183 | D:6      | Noticed Grinder
  5193 | D:6      | Killed Grinder
  5194 | D:6      | Reached XP level 9. HP: 75/85 MP: 8/8
  6401 | D:7      | Found a flagged portal.
  6410 | Bailey   | Entered a bailey
  6558 | Bailey   | Noticed an orc knight
  6562 | Bailey   | Noticed an orc knight
  6628 | Bailey   | Killed an orc knight
  6629 | Bailey   | Reached skill level 5 in Fighting
  6629 | Bailey   | Reached skill level 5 in Dodging
  6663 | Bailey   | Killed an orc knight
  7035 | Bailey   | Noticed an orc knight
  7035 | Bailey   | Noticed an orc warlord
  7036 | Bailey   | Noticed an orc knight
  7057 | Bailey   | Reached XP level 10. HP: 96/96 MP: 9/9
  7060 | Bailey   | Gained mutation: You have large cloven feet. [potion of
                  | mutation]
  7060 | Bailey   | Gained mutation: You heal very quickly. [potion of
                  | mutation]
  7128 | Bailey   | Identified the cursed +1 trident of the Thieving Ass
                  | {vorpal, *Slow rF+++ Will++ MP+9}
  7396 | D:7      | Found a staircase to the Ecumenical Temple.
  7410 | Temple   | Entered the Ecumenical Temple
  7454 | Temple   | Became a worshipper of Cheibriados the Contemplative
  7454 | Temple   | Reached * piety under Cheibriados
  7454 | Temple   | Reached ** piety under Cheibriados
  7703 | D:7      | Found a glowing silver altar of Zin.
  8087 | D:8      | Found a sand-covered staircase.
  8097 | Ossuary  | Entered an ossuary
  8192 | Ossuary  | Reached *** piety under Cheibriados
  8479 | D:8      | Found a shimmering blue altar of Sif Muna.
  8488 | D:8      | Reached skill level 1 in Invocations
  8492 | D:8      | Identified Sif Muna's Disquisition on Beguiling
  8512 | D:8      | Found a bloodstained altar of Trog.
  8521 | D:8      | Noticed Psyche
  8521 | D:8      | Noticed a two-headed ogre
  8526 | D:8      | Killed a two-headed ogre
  8529 | D:8      | Killed Psyche
  8830 | D:8      | Found a white marble altar of Elyvilon.
  8953 | D:8      | Found an ancient bone altar of Kikubaaqudgha.
  9094 | D:9      | Found Hiroigea's Armour Shop.
  9105 | D:9      | Noticed a two-headed ogre
  9132 | D:9      | Killed a two-headed ogre
  9138 | D:9      | Noticed Erica
  9148 | D:9      | Killed Erica
  9149 | D:9      | Reached skill level 5 in Shields
  9197 | D:9      | Found a sacrificial altar of Ru.
  9269 | D:9      | Found a staircase to the Orcish Mines.
  9274 | Orc:1    | Entered Level 1 of the Orcish Mines
  9286 | Orc:1    | Reached **** piety under Cheibriados
  9851 | Orc:1    | Reached XP level 11. HP: 99/105 MP: 13/13
 10240 | Orc:2    | Entered Level 2 of the Orcish Mines
 10316 | D:9      | Bought the +4 skin of Zhor {Englaciate rC+++ SInv} for 864
                  | gold pieces
 10316 | D:9      | Found the +4 skin of Zhor {Englaciate rC+++ SInv}
 10488 | D:9      | Reached ***** piety under Cheibriados
 10556 | D:9      | Found Riofougg's Jewellery Emporium.
 10826 | D:9      | Found an iron altar of Okawaru.
 10903 | D:10     | Entered Level 10 of the Dungeon
 11012 | Orc:2    | Found a staircase to the Elven Halls.
 11244 | Orc:2    | Noticed an ogre mage
 11245 | Orc:2    | Noticed a two-headed ogre
 11245 | Orc:2    | Noticed an ogre mage
 11257 | Orc:2    | Killed a two-headed ogre
 11257 | Orc:2    | Noticed a two-headed ogre
 11258 | Orc:2    | Reached skill level 5 in Invocations
 11260 | Orc:2    | Noticed a two-headed ogre
 11261 | Orc:2    | Noticed a two-headed ogre
 11263 | Orc:2    | Killed an ogre mage
 11269 | Orc:2    | Noticed a two-headed ogre
 11271 | Orc:2    | Noticed a two-headed ogre
 11273 | Orc:2    | Killed a two-headed ogre
 11274 | Orc:2    | Noticed a two-headed ogre
 11275 | Orc:2    | Noticed a two-headed ogre
 11276 | Orc:2    | Killed a two-headed ogre
 11276 | Orc:2    | Noticed a two-headed ogre
 11279 | Orc:2    | Killed a two-headed ogre
 11279 | Orc:2    | Noticed an ogre mage
 11287 | Orc:2    | Killed a two-headed ogre
 11290 | Orc:2    | Killed a two-headed ogre
 11290 | Orc:2    | Noticed a two-headed ogre
 11290 | Orc:2    | Paralysed by something for 3 turns
 11294 | Orc:2    | Noticed a two-headed ogre
 11295 | Orc:2    | Killed an ogre mage
 11296 | Orc:2    | Reached XP level 12. HP: 17/115 MP: 0/15
 11297 | Orc:2    | Killed a two-headed ogre
 11301 | Orc:2    | Killed a two-headed ogre
 11306 | Orc:2    | Killed a two-headed ogre
 11307 | Orc:2    | Reached skill level 10 in Unarmed Combat
 11307 | Orc:2    | Noticed a two-headed ogre
 11310 | Orc:2    | Killed an ogre mage
 11312 | Orc:2    | Killed a two-headed ogre
 11323 | Orc:2    | Killed a two-headed ogre
 11407 | Orc:2    | Noticed a two-headed ogre
 11415 | Orc:2    | Killed a two-headed ogre
 11435 | Orc:2    | Noticed a two-headed ogre
 11445 | Orc:2    | Killed a two-headed ogre
 11476 | Orc:2    | Killed a two-headed ogre
 11652 | Orc:2    | Found Heonis's Armour Shoppe.
 11653 | Orc:2    | Found Aliz's Antique Weapon Shop.
 11653 | Orc:2    | Found Muqaucre's Antique Weapon Shoppe.
 11653 | Orc:2    | Found Ipsanka's Distillery.
 11741 | Orc:2    | Found a runed translucent gate.
 11741 | Orc:2    | Found a runed translucent gate.
 11742 | Orc:2    | Found a runed translucent gate.
 11742 | Orc:2    | Noticed a merfolk impaler
 11742 | Orc:2    | Noticed a centaur warrior
 11743 | Orc:2    | Noticed CosmicReverie's ghost (journeyman MiBe)
 11743 | Orc:2    | Noticed a merfolk javelineer
 11794 | Orc:2    | Found an iron altar of Okawaru.
 12185 | D:9      | Bought the ring of Egoi {rElec rC+ rN+ Dex+3} for 495 gold
                  | pieces
 12246 | D:10     | Found a staircase to the Lair.
 12496 | D:10     | Noticed a two-headed ogre
 12506 | D:10     | Killed a two-headed ogre
 12535 | D:10     | Noticed Maggie
 12553 | D:10     | Killed Maggie
 12971 | D:10     | Found an ancient bone altar of Kikubaaqudgha.
 12997 | D:10     | Reached XP level 13. HP: 127/127 MP: 18/18
 13249 | D:11     | Found a runed translucent door.
 13249 | D:11     | Found a shimmering altar of Xom.
 13249 | D:11     | Noticed lunkers's ghost (journeyman HOHu)
 13736 | D:11     | Reached ****** piety under Cheibriados
 15279 | D:13     | Noticed Kirke
 15291 | D:13     | Noticed a sphinx
 15291 | D:13     | Killed Kirke
 15628 | D:13     | Identified the +5 dire flail of Suwuj {venom, Dex+2}
 15629 | D:13     | Found a runed translucent gate.
 15630 | D:13     | Found a runed translucent gate.
 15631 | D:13     | Found a runed translucent gate.
 15631 | D:13     | Noticed Sydari's ghost (journeyman SpEn)
 15636 | D:13     | Found a roughly hewn altar of Beogh.
 15815 | D:14     | Reached skill level 10 in Throwing
 15957 | D:14     | Reached skill level 10 in Invocations
 15957 | D:14     | Reached XP level 14. HP: 111/137 MP: 20/20
 15992 | D:14     | Got a crude long sword
 16205 | D:15     | Entered Level 15 of the Dungeon
 16205 | D:15     | Noticed Nessos
 16336 | Lair:1   | Entered Level 1 of the Lair of Beasts
 16340 | Lair:1   | Noticed Nergalle
 16444 | Lair:1   | Killed Nergalle
 16953 | Lair:1   | Noticed Harold
 16961 | Lair:1   | Killed Harold
 17246 | Lair:2   | Noticed Gastronok
 17256 | Lair:2   | Killed Gastronok
 17308 | Lair:2   | Found a staircase to the Snake Pit.
 17556 | Lair:2   | Identified the +11 long sword of Peril {flame, rElec rPois
                  | Int+3} (You found it on level 14 of the Dungeon)
 17940 | Lair:3   | Identified a scroll of acquirement
 17941 | Lair:3   | Acquired the ring "Boxtasix" {rPois rN+ Str+6 Int+6 Dex-3}
 18237 | Lair:3   | Noticed Urug
 18247 | Lair:3   | Killed Urug
 18850 | Lair:4   | Found a staircase to the Shoals.
 18931 | Lair:4   | Noticed Sonja
 18936 | Lair:4   | Killed Sonja
 19006 | Lair:4   | Found a gate leading to a gauntlet.
 19019 | Gauntlet | Entered a Gauntlet
 19019 | Gauntlet | Found a transporter.
 19019 | Gauntlet | Found a transporter.
 19020 | Gauntlet | Found a transporter.
 19023 | Gauntlet | Found a transporter.
 19025 | Gauntlet | Found a large runed translucent door.
 19026 | Gauntlet | Found a large runed translucent door.
 19027 | Gauntlet | Found a large runed translucent door.
 19027 | Gauntlet | Found a large runed translucent door.
 19027 | Gauntlet | Found a runed translucent door.
 19027 | Gauntlet | Found a runed translucent door.
 19028 | Gauntlet | Found a large runed translucent door.
 19028 | Gauntlet | Found a large runed translucent door.
 19028 | Gauntlet | Found a large runed translucent door.
 19028 | Gauntlet | Found a large runed translucent door.
 19029 | Gauntlet | Found a large runed translucent door.
 19030 | Gauntlet | Found a large runed translucent door.
 19034 | Gauntlet | Found a transporter.
 19050 | Gauntlet | Found a large runed translucent door.
 19050 | Gauntlet | Found a large runed translucent door.
 19051 | Gauntlet | Found a large runed translucent door.
 19051 | Gauntlet | Found a large runed translucent door.
 19052 | Gauntlet | Found a runed translucent gate.
 19052 | Gauntlet | Found a runed translucent gate.
 19052 | Gauntlet | Found a runed translucent gate.
 19054 | Gauntlet | Found a transporter.
 19085 | Gauntlet | Found a transporter.
 19136 | Gauntlet | Found a transporter.
 19139 | Gauntlet | Found a large runed translucent door.
 19140 | Gauntlet | Found a large runed translucent door.
 19142 | Gauntlet | Found a transporter.
 19150 | Gauntlet | Found a transporter.
 19167 | Gauntlet | Found a transporter.
 19175 | Gauntlet | Found a transporter.
 19345 | Gauntlet | Got a vibrating bronze ring
 19368 | Gauntlet | Reached XP level 15. HP: 80/146 MP: 22/22
 19494 | D:10     | Identified the ring "Ohomud" {Dex+4 Slay+4 Stlth+} (You
                  | found it in a Gauntlet)
 19680 | D:15     | Killed Nessos
 20503 | D:15     | Found a staircase to the Depths.
 20503 | D:15     | Noticed a frost giant
 20516 | D:15     | Killed a frost giant
 20601 | D:15     | Found Hodid's Antique Weapon Shop.
 21806 | Lair:4   | Learned a level 6 spell: Statue Form
 21942 | Lair:5   | Reached skill level 1 in Earth Magic
 21947 | Lair:5   | Reached skill level 1 in Transmutations
 22223 | Lair:5   | Reached skill level 2 in Earth Magic
 22542 | Lair:6   | Entered Level 6 of the Lair of Beasts
 22557 | Lair:6   | Reached skill level 1 in Spellcasting
 22675 | Lair:6   | Reached skill level 3 in Earth Magic
 22828 | Lair:6   | Found a staircase to the Slime Pits.
 22830 | Lair:6   | Found a viscous altar of Jiyva.
 23041 | Lair:6   | Reached skill level 4 in Earth Magic
 23052 | Lair:6   | Got an ichor-stained war axe
 23379 | Lair:6   | Found a runed translucent door.
 23441 | Lair:6   | Reached XP level 16. HP: 147/156 MP: 23/23
 23586 | Lair:6   | Reached skill level 5 in Earth Magic
 23752 | Shoals:1 | Entered Level 1 of the Shoals
 24221 | Shoals:1 | Reached skill level 5 in Transmutations
 24221 | Shoals:1 | Reached skill level 6 in Earth Magic
 24391 | Shoals:1 | Learned a level 9 spell: Shatter
 24785 | Shoals:2 | Acquired 935 gold pieces
 24845 | Shoals:2 | Found a runed translucent gate.
 24846 | Shoals:2 | Found a runed translucent gate.
 24847 | Shoals:2 | Found a runed translucent gate.
 24851 | Shoals:2 | Found a frozen archway.
 24865 | IceCv    | Entered an ice cave
 25295 | IceCv    | Reached skill level 7 in Earth Magic
 25378 | IceCv    | Noticed an Ice Fiend
 25393 | IceCv    | Killed an Ice Fiend
 25491 | IceCv    | Got a translucent halberd
 25519 | IceCv    | Identified the Tome of the Doomed Frostbite
 25784 | Shoals:2 | Noticed Donald
 25794 | Shoals:2 | Killed Donald
 25931 | Shoals:2 | Reached skill level 8 in Earth Magic
 26054 | Shoals:2 | Noticed Polyphemus
 26062 | Shoals:2 | Killed Polyphemus
 26226 | Shoals:2 | Reached XP level 17. HP: 135/163 MP: 24/24
 26656 | Shoals:3 | Reached skill level 9 in Earth Magic
 27057 | Shoals:3 | Found Begon's General Store.
 27416 | Shoals:4 | Entered Level 4 of the Shoals
 27929 | Shoals:4 | Reached skill level 10 in Earth Magic
 27961 | Shoals:4 | Learned a level 7 spell: Dragon Form
 27979 | Shoals:4 | Noticed a kraken
 27993 | Shoals:4 | Killed a kraken
 28019 | Shoals:4 | Got a barnacled rune of Zot
 28082 | Shoals:4 | Reached skill level 5 in Spellcasting
 28157 | Shoals:4 | Identified the +3 war axe of Ghostly Defiance {venom,
                  | Dex+2} (You found it on level 6 of the Lair of Beasts)
 28206 | Shoals:4 | Learned a level 2 spell: Blink
 28624 | Snake:1  | Entered Level 1 of the Snake Pit
 29371 | Snake:2  | Found a runed translucent gate.
 29372 | Snake:2  | Found a runed translucent gate.
 29372 | Snake:2  | Noticed Meicwirr's ghost (adept OgTm)
 29373 | Snake:2  | Found a runed translucent gate.
 29561 | Snake:2  | Reached skill level 11 in Earth Magic
 29585 | Snake:2  | Noticed Aizul
 29589 | Snake:2  | Killed Aizul
 29590 | Snake:2  | Reached XP level 18. HP: 172/172 MP: 25/25
 29870 | Snake:2  | Noticed Vashnia
 29886 | Snake:2  | Killed Vashnia
 30334 | Snake:2  | Killed Meicwirr's ghost
 30356 | Snake:2  | Identified Papsu's Tome of Creative Air
 30588 | Snake:3  | Reached skill level 10 in Transmutations
 30884 | Snake:3  | Found Dompeph's Book Shop.
 30885 | Snake:3  | Found Fuffa's Jewellery Shoppe.
 30885 | Snake:3  | Found Goth's Jewellery Shoppe.
 30950 | Snake:3  | Identified the +0 hand axe "Troll's Death" {freeze, *Rage
                  | +Fly rElec rF+++}
 30996 | Snake:4  | Entered Level 4 of the Snake Pit
 31238 | Snake:4  | Reached skill level 12 in Earth Magic
 32111 | Snake:4  | Reached XP level 19. HP: 179/179 MP: 21/27
 32330 | Snake:4  | Got a serpentine rune of Zot
 32660 | D:14     | Reached skill level 13 in Earth Magic
 32668 | D:14     | Found a gate to the Vaults.
 32952 | Vaults:1 | Entered Level 1 of the Vaults
 33358 | Vaults:1 | Learned a level 5 spell: Lee's Rapid Deconstruction
 33680 | Vaults:1 | Reached skill level 14 in Earth Magic
 34526 | Vaults:2 | Found Mody's Antique Weapon Shop.
 34744 | Vaults:2 | Reached XP level 20. HP: 148/188 MP: 24/30
 35228 | Vaults:2 | Acquired 340 gold pieces
 35547 | Vaults:2 | Found a staircase to the Crypt.
 35547 | Vaults:2 | Found a basalt altar of Yredelemnul.
 35547 | Vaults:2 | Found an ancient bone altar of Kikubaaqudgha.
 35806 | Vaults:3 | Found Zeptoi's Magic Scroll Boutique.
 35835 | Vaults:3 | Bought a scroll of blinking for 142 gold pieces
 35859 | Vaults:3 | Reached skill level 15 in Earth Magic
 36994 | Vaults:4 | Found Elohin's Weapon Emporium.
 37398 | Vaults:4 | Paralysed by a great orb of eyes for 4 turns
 37680 | Vaults:4 | Reached XP level 21. HP: 196/196 MP: 28/32
 37713 | Vaults:4 | Noticed Bai Suzhen
 37727 | Vaults:4 | Killed Bai Suzhen
 37728 | Vaults:4 | Reached skill level 16 in Earth Magic
 38492 | Vaults:5 | Entered Level 5 of the Vaults
 38542 | Vaults:5 | Identified the +7 arbalest "Biaps" {venom, rElec rF+ Int-5}
 38639 | Vaults:5 | Identified the Collected Works on Arcane Weapons and
                  | Dislocation
 38645 | Vaults:5 | Identified the Guide on Flames and Poisoning
 38655 | Vaults:5 | Identified the Collected Works on Translocation
 38657 | Vaults:5 | Identified Sif Muna's Tome of Attacks and Moulding
 38800 | Vaults:5 | Identified Further Steps in the Arcane Arts
 38810 | Vaults:5 | Acquired 1221 gold pieces
 38878 | Vaults:5 | Identified the cursed +1 spear of Exugyca {freeze, +Inv}
 38902 | Vaults:5 | Reached skill level 17 in Earth Magic
 38909 | Vaults:5 | Identified the +5 scythe of the Smoking Messenger {vorpal,
                  | rN+}
 39019 | Vaults:5 | Reached XP level 22. HP: 134/204 MP: 34/34
 39109 | Vaults:5 | Reached skill level 15 in Transmutations
 39202 | Vaults:5 | Identified Sif Muna's Collected Works on the Rocks and
                  | Dislocation
 39351 | Vaults:5 | Identified the cursed +0 fustibalus "Kuaxif" {speed, Will-
                  | Str+9} (You found it on level 5 of the Vaults)
 39462 | Vaults:5 | Got a silver rune of Zot
 39609 | Vaults:5 | Identified the +13 plate armour of the Fiend {-Cast rPois
                  | Regen+ Str-4}
 39639 | Vaults:5 | Noticed a dread lich
 39641 | Vaults:5 | Killed a dread lich
 40526 | Slime:1  | Entered Level 1 of the Pits of Slime
 40595 | Lair:6   | Gained mutation: Armour fits poorly on your strangely
                  | shaped body. [a shining eye]
 40596 | Lair:6   | Gained mutation: You are dopey. (Int -2) [a shining eye]
 40599 | Lair:6   | Gained mutation: You are weak. (Str -2) [a shining eye]
 40629 | Slime:1  | Lost mutation: Armour fits poorly on your strangely shaped
                  | body. [potion of mutation]
 40629 | Slime:1  | Lost mutation: You have large cloven feet. [potion of
                  | mutation]
 40629 | Slime:1  | Gained mutation: You are clumsy. (Dex -2) [potion of
                  | mutation]
 40629 | Slime:1  | Lost mutation: You are weak. (Str -2) [potion of mutation]
 40629 | Slime:1  | Lost mutation: You are clumsy. (Dex -2) [potion of
                  | mutation]
 40630 | Slime:1  | Lost mutation: You heal very quickly. [potion of mutation]
 40630 | Slime:1  | Lost mutation: You are dopey. (Int -2) [potion of mutation]
 40630 | Slime:1  | Gained mutation: You are agile. (Dex +2) [potion of
                  | mutation]
 40630 | Slime:1  | Gained mutation: You are dopey. (Int -2) [potion of
                  | mutation]
 40630 | Slime:1  | Gained mutation: You have sharp toenails. [potion of
                  | mutation]
 40631 | Slime:1  | Lost mutation: You are dopey. (Int -2) [potion of mutation]
 40631 | Slime:1  | Lost mutation: You have sharp toenails. [potion of
                  | mutation]
 40631 | Slime:1  | Gained mutation: You are partially covered in yellow
                  | scales. (AC +2) [potion of mutation]
 40631 | Slime:1  | Gained mutation: Your flesh is cold resistant. (rC+)
                  | [potion of mutation]
 40631 | Slime:1  | Gained mutation: You are partially covered in iridescent
                  | scales. (AC +2) [potion of mutation]
 40631 | Slime:1  | Gained mutation: You heal very quickly. [potion of
                  | mutation]
 40655 | Slime:2  | Lost mutation: You are agile. (Dex +2) [a shining eye]
 40657 | Slime:2  | Lost mutation: You are partially covered in yellow scales.
                  | (AC +2) [a shining eye]
 40673 | Slime:2  | Gained mutation: You are clumsy. (Dex -2) [a shining eye]
 40676 | Slime:2  | Reached skill level 18 in Earth Magic
 40793 | Slime:3  | Gained mutation: You are weak. (Str -2) [a shining eye]
 40799 | Slime:3  | Gained mutation: You are very weak. (Str -4) [a shining
                  | eye]
 40805 | Slime:3  | Gained mutation: You tend to lose your temper in combat. [a
                  | shining eye]
 40807 | Slime:3  | Gained mutation: Your body sometimes deteriorates upon
                  | taking damage. [a shining eye]
 40871 | Slime:5  | Entered Level 5 of the Pits of Slime
 41063 | Slime:5  | Noticed the Royal Jelly
 41076 | Slime:5  | Lost mutation: Your body sometimes deteriorates upon taking
                  | damage. [potion of mutation]
 41076 | Slime:5  | Lost mutation: You are partially covered in iridescent
                  | scales. (AC +2) [potion of mutation]
 41076 | Slime:5  | Lost mutation: You tend to lose your temper in combat.
                  | [potion of mutation]
 41076 | Slime:5  | Lost mutation: Your flesh is cold resistant. (rC+) [potion
                  | of mutation]
 41076 | Slime:5  | Gained mutation: You are partially covered in slimy green
                  | scales. (AC +2) [potion of mutation]
 41076 | Slime:5  | Lost mutation: You are very weak. (Str -4) [potion of
                  | mutation]
 41076 | Slime:5  | Gained mutation: You have an increased reservoir of magic.
                  | (+10% MP) [potion of mutation]
 41087 | Slime:5  | Gained mutation: You are frail. (-10% HP) [a shining eye]
 41116 | Slime:5  | Paralysed by a great orb of eyes for 7 turns
 41127 | Slime:5  | Killed the Royal Jelly
 41128 | Slime:5  | Reached skill level 10 in Spellcasting
 41308 | Slime:5  | Found the +8 Wrath of Trog {antimagic, *Rage}
 41337 | Slime:5  | Identified the Reference Book on Destructive Poisoning
 41339 | Slime:5  | Identified Olixinui's Compendium of the Entourage and
                  | Confrontation
 41407 | Slime:5  | Got a slimy rune of Zot
 41438 | Slime:5  | Identified the Catalogue of Combat Magic and the Oath
 41443 | Slime:5  | Got a heavily runed bronze amulet
 41452 | Slime:5  | Identified the Almanac of Creative Conjuration
 41455 | Slime:5  | Identified the cursed +1 robe of Baluroeq {rF+} (You found
                  | it on level 5 of the Pits of Slime)
 41456 | Slime:5  | Identified the amulet of Reusteun {Reflect rC+ Int+4 SH+5}
                  | (You found it on level 5 of the Pits of Slime)
 41540 | Slime:5  | Gained mutation: Armour fits poorly on your strangely
                  | shaped body. [a shining eye]
 41547 | Slime:5  | Gained mutation: Your body sometimes deteriorates upon
                  | taking damage. [a shining eye]
 41549 | Slime:5  | Reached XP level 23. HP: 189/189 MP: 39/39
 41620 | Lair:6   | Lost mutation: Armour fits poorly on your strangely shaped
                  | body. [potion of mutation]
 41620 | Lair:6   | Lost mutation: You are frail. (-10% HP) [potion of
                  | mutation]
 41620 | Lair:6   | Gained mutation: You are partially covered in rugged brown
                  | scales. (AC +1, +3% HP) [potion of mutation]
 41620 | Lair:6   | Gained mutation: You are partially covered in yellow
                  | scales. (AC +2) [potion of mutation]
 41814 | Orc:2    | Killed CosmicReverie's ghost
 41824 | Orc:2    | Got a wavering copper ring
 41825 | Orc:2    | Identified the ring of the Harvest {rPois rN+ MP+9 SInv}
                  | (You found it on level 2 of the Orcish Mines)
 41830 | Orc:2    | Identified the Collected Works on Entrancing Stones
 41869 | Elf:1    | Entered Level 1 of the Elven Halls
 42063 | Elf:1    | Identified the Compendium of Attacks
 42461 | Elf:1    | Found Zits's Antique Weapon Emporium.
 43074 | Elf:2    | Found a portal to a secret trove of treasure.
 44047 | Elf:2    | You paid a toll of +2 storm dragon scales to enter a
                  | treasure trove
 44048 | Trove    | Entered a treasure trove
 44051 | Trove    | Found the +2 cloak of the Thief {*Fog Slay-2 SInv Stlth+}
 44051 | Trove    | Found the +10 tower shield of Ignorance {rN+ Int-4}
 44053 | Trove    | Found the +3 crown of Dyrovepreva {rElec Int+2 SInv}
 44075 | Trove    | Got a jewelled hat
 44077 | Trove    | Got a bloodstained hat
 44078 | Trove    | Identified the +3 hat of Narcissism {rElec} (You found it
                  | in a treasure trove)
 44079 | Trove    | Identified the +0 hat of the Armadillo {rF+ rC+ Int+6
                  | Stlth-} (You found it in a treasure trove)
 44085 | Trove    | Got a slimy tower shield
 44086 | Trove    | Identified the +2 tower shield "Oggur" {Will+} (You found
                  | it in a treasure trove)
 44145 | Trove    | Got an ominously black robe
 44153 | Trove    | Got a tattered robe
 44229 | Elf:2    | Found a huge runed translucent gate.
 44229 | Elf:2    | Found a huge runed translucent gate.
 44240 | Elf:2    | Found a huge runed translucent gate.
 44391 | Elf:2    | Noticed Azrael
 44399 | Elf:2    | Killed Azrael
 44643 | Elf:2    | Found a huge runed translucent gate.
 44643 | Elf:2    | Found a huge runed translucent gate.
 44883 | Elf:2    | Reached skill level 19 in Earth Magic
 45065 | Elf:3    | Entered Level 3 of the Elven Halls
 45152 | Elf:3    | Found a flickering gateway to a bazaar.
 45164 | Bazaar   | Entered a bazaar
 45190 | Bazaar   | Found Rejoniqe's Book Emporium.
 45211 | Bazaar   | Found Amusuw's Weapon Shoppe.
 45211 | Bazaar   | Found Benaluu's Weapon Emporium.
 45300 | Bazaar   | Bought a book of Annihilations for 883 gold pieces
 45309 | Bazaar   | Learned a level 8 spell: Lehudib's Crystal Spear
 45360 | Elf:3    | Identified the +1 robe "Rogur" {rElec Str+4 Stlth+} (You
                  | found it in a treasure trove)
 45510 | Elf:3    | Reached skill level 1 in Conjurations
 45514 | Elf:3    | Noticed Saint Roka
 45520 | Elf:3    | Reached skill level 10 in Shields
 45530 | Elf:3    | Killed Saint Roka
 45539 | Elf:3    | Killed the ghostly Saint Roka
 45699 | Elf:3    | Found the +2 hood of the Assassin {Detection Stab+ Stlth++}
 45781 | Elf:3    | Found the ring of Shadows {Umbra +Inv Stlth+}
 45833 | Elf:3    | Identified Sif Muna's Disquisition on Fire and Hexes
 46853 | Depths:1 | Entered Level 1 of the Depths
 46957 | Depths:1 | Reached XP level 24. HP: 228/228 MP: 39/39
 47160 | Depths:1 | Found a sparkling altar of Nemelex Xobeh.
 47309 | Depths:1 | Found a gateway to Hell.
 47393 | Depths:1 | Noticed Mara
 47408 | Depths:1 | Noticed runemasterragnar's illusion
 47419 | Depths:1 | You fall into a shaft and drop 1 floor!
 47762 | Depths:2 | Paralysed by a great orb of eyes for 6 turns
 47784 | Depths:2 | You fall into a shaft and drop 2 floors!
 47784 | Depths:4 | Found a one-way gate to the infinite horrors of the Abyss.
 47833 | Depths:4 | Reached skill level 5 in Conjurations
 47834 | Depths:4 | Paralysed by a floating eye for 4 turns
 47844 | Depths:4 | Paralysed by a floating eye for 4 turns
 47851 | Depths:4 | Paralysed by a floating eye for 4 turns
 48300 | Depths:4 | Reached skill level 20 in Earth Magic
 48354 | Depths:4 | Paralysed by a floating eye for 4 turns
 48595 | Depths:4 | Noticed a juggernaut
 48603 | Depths:4 | Killed a juggernaut
 49067 | Depths:5 | Entered Level 5 of the Depths
 49289 | Depths:5 | Noticed Mennas
 49311 | Depths:5 | HP: 4/296 [fire giant/bolt of fire (40)]
 49311 | Depths:5 | Killed from afar by a fire giant

Illustrated notes

Levels and vault maps discovered:
D:1:      minmay_arrival_radiant_lines, layout_basic
D:2:      layout_rooms, chequers_ecumenical_altar_simple_redux, uniq_jessica,
          uniq_crazy_yiuf_cottage
D:3:      layout_loops_ring, lemuel_round_altar, tso_metal_star,
          vehumet_crystals, gammafunk_temple_overflow_statue
D:4:      layout_basic
D:5:      layout_basic, grunt_dithmenos_shadows, basic_altar, uniq_menkaure,
          uniq_pikel
D:6:      layout_basic, eat_drink_and_be_merry_uskayaw,
          ebering_ghost_disaster_area, uniq_grinder
D:7:      layout_basic, kennysheep_little_box,
          minmay_temple_entry_enclosed_plants, enter_bailey_6,
          hangedman_decor_growths
D:8:      layout_loops_corners, nzn_overflow_gifts_of_might_and_magic,
          lemuel_zombie_altar_kikubaaqudgha, elyvilon_altar_3,
          nicolae_ossuary_entry_giza, uniq_psyche
D:9:      layout_roguey, lemuel_crystal_altar, orc_0_dummy, serial_shops, shop,
          shop, kennysheep_okawaru_gauntlet, uniq_erica
D:10:     wander_kiku_kobolds, layout_loops_ring,
          grunt_lair_entry_orc_guard_hut, grunt_decor_one_mirror,
          kennysheep_cross_room, uniq_maggie
D:11:     layout_roguey, ebering_ghost_xom
D:12:     layout_grid_maze, st_stairs_4, minmay_increasing_density
D:13:     layout_roguey, biasface_ghost_orc_armoury, uniq_kirke
D:14:     layout_rooms, grunt_vaults_entry_fortified,
          infiniplex_staircase_squiggle
D:15:     grunt_enter_depths_snipers, layout_loops_cross,
          serial_co_window_serial, co_window_of_opportunity_a,
          co_window_paths_a, co_window_paths_a, co_window_corner_a,
          co_window_paths_b, co_window_corner_a, co_window_paths_a,
          co_window_corner_a, co_window_of_opportunity_a, co_window_paths_c,
          co_window_broadway_a, co_window_unsneaky_path_c, co_window_paths_c,
          co_window_corner_cb, co_window_broadway_b, co_window_paths_e,
          serial_shops, shop, uniq_nessos
Temple:   compressed_dpeg_triangle_lava_temple
Lair:1:   layout_hall_layers, uniq_harold, uniq_nergalle
Lair:2:   layout_chaotic_city, guppyfry_snake_entry_garden, fungi_pond_lemuel,
          grunt_megastairs_1, uniq_gastronok
Lair:3:   layout_chaotic_city, beast_lair_carwin_11, uniq_urug
Lair:4:   layout_misc_corridors, minmay_shoals_entry_centaurs,
          gauntlet_entry_generic, grunt_megastairs_2, lemuel_fruit_fields,
          uniq_sonja
Lair:5:   layout_regular_city
Lair:6:   wormcave, layout_long_grid, guppyfry_lair_end_dragon, slime_altar_1,
          minmay_lair_oklob_bushes, small_statue_intersection
Shoals:1: layout_shoals
Shoals:2: cheibrodos_shoals_epimethial_gifts, layout_shoals,
          gammafunk_ghost_necromancy, portal_ice_cave_entry_pillars_2,
          nicolae_shoals_stone_sculpture_thing, uniq_polyphemus, uniq_donald
Shoals:3: layout_shoals, serial_shops, nicolae_shop_crystal
Shoals:4: shoals_end_hangedman, layout_shoals, nicolae_shoals_seven_spires
Snake:1:  layout_onion_interference, grunt_megastairs_4
Snake:2:  layout_cave_shapes, gammafunk_ghost_split, uniq_aizul, uniq_vashnia
Snake:3:  layout_rooms, minmay_shop_grove
Snake:4:  grunt_snake_rune_pools, layout_cave_town
Slime:1:  layout_caves
Slime:2:  layout_caves
Slime:3:  layout_caves
Slime:4:  layout_caves
Slime:5
Orc:1:    minmay_goldmine, layout_diamond_mine
Orc:2:    st_orc_ogre_mass, layout_caves, gammafunk_ghost_fury_of_okawaru,
          nooodl_orcs_dogs
Elf:1:    eino_elf_arrival_sip, layout_loops_corners, serial_shops, shop,
          minmay_elf_annihilation
Elf:2:    layout_gridlike, nicolae_trove_entry_crossroad,
          nicolae_elf_big_sculpture_3, uniq_azrael
Elf:3:    elf_hall, layout_geoelf_grid, serial_shops, freezing_bzr,
          grunt_ministairs_4, uniq_saint_roka
Vaults:1: v_misc_18, nicolae_vaults_big_ls, hangedman_vaults_trim, v_misc_2,
          vaults_room_hangedman_quadrants, v_misc_4, layout_vaults_quadrants
Vaults:2: ontoclasm_vaults_bender, vaults_mumra_chevron_long,
          minmay_crypt_entry_necro_gods, ontoclasm_vaults_ring_small,
          vaults_mumra_minichess_inversion, nicolae_vaults_gold_heap,
          vaults_room_hallway, v_misc_23, hangedman_vaults_maws, v_rooms_6,
          ontoclasm_vaults_twist, vaults_room_boxed, ontoclasm_vaults_chip,
          nicolae_vaults_yaktaur_gun_rack, layout_vaults_maze, serial_shops,
          shop
Vaults:3: v_misc_5, ontoclasm_vaults_shout, nicolae_vaults_puzzle_piece,
          nicolae_vaults_little_squares_6, nicolae_vaults_asterisk,
          layout_vaults_chaotic_city, serial_shops, shop
Vaults:4: hangedman_vaults_slice, v_misc_31, hangedman_vaults_locks,
          vaults_room_stairs_pillars, v_misc_11, nicolae_vaults_triangles,
          nicolae_vaults_network_periphery, vaults_room_semicircle,
          nicolae_vaults_little_squares_2, nicolae_vaults_angled_halls,
          vaults_dpeg_ring, vaults_room_door_ring, layout_vaults_omnicross,
          serial_shops, shop, uniq_bai_suzhen
Vaults:5
Depths:1: layout_honeycomb, serial_shops, kennysheep_mini, grunt_mini_vestibule,
          nemelex_xobeh_ov_fountains_minmay, st_stairs_4,
          minmay_fractal_squares_gapless_7, uniq_mara
Depths:2: minmay_mutant_horseshoe, layout_gridlike, enter_ziggurat_b,
          kennysheep_flooded_box, abyss_entry, hell_entry, minmay_shop_star,
          infiniplex_staircase_river, serial_bayou_shore_b
Depths:4: cheibrodos_spurs, layout_basic, abyss_entry, patterned_corridor,
          grunt_hell_entry_dis_grunt
Depths:5: grunt_zot_entry_alcove, layout_cave_pools,
          hangedman_abyss_or_decor_lesser_grid, hell_entry, uniq_mennas

Skill      XL: |  1  2  3  4  5  6  7  8  9 10 11 12 13 14 15 16 17 18 19 20 21 22 23 24 |
---------------+-------------------------------------------------------------------------+-----
Throwing       | 1 2 3 4 5 6 7 8 9 10 11 | 11.0
Fighting       | 3 4 5 6 7 8 9 |  9.6
Dodging        | 3 4 5 6 7 8 9 |  9.6
Unarmed Combat | 4 6 7 8 9 10 11 12 | 12.3
Shields        | 1 2 3 4 5 6 7 8 9 10 12 | 12.5
Invocations    | 4 6 8 10 11 | 11.8
Earth Magic    | 4 8 11 12 14 15 17 18 19 20 | 20.4
Transmutations | 3 7 9 11 12 13 14 15 16 | 16.4
Spellcasting   | 2 4 5 6 7 8 9 10 | 10.1
Conjurations   | 3 7 |  7.6
Stealth        | |  1.4

Action                   |  1- 3 |  4- 6 |  7- 9 | 10-12 | 13-15 | 16-18 | 19-21 | 22-24 || total
-------------------------+-------+-------+-------+-------+-------+-------+-------+-------++-------
Melee: Unarmed           |    91 |   238 |   380 |   584 |  1035 |   826 |   715 |   827 ||  4696
       Punch             |     2 |     1 |       |       |       |       |     3 |     7 ||    13
       Kick              |       |       |       |   251 |   616 |   375 |   323 |    54 ||  1619
       Long sword        |       |       |       |       |    32 |       |       |       ||    32
       Scimitar          |       |       |       |       |     3 |       |       |       ||     3
       Tailslap          |       |       |       |       |       |       |     8 |    10 ||    18
       Bite              |       |       |       |       |       |       |     7 |     8 ||    15
       Staff             |       |       |       |       |       |       |       |    18 ||    18
Throw: Dart              |     1 |     3 |    25 |    16 |    22 |    59 |       |       ||   126
       Boomerang         |       |       |     1 |    57 |    47 |   125 |       |    99 ||   329
       Javelin           |       |       |       |     2 |     2 |       |    12 |    49 ||    65
       Large rock        |       |       |       |       |       |       |    25 |    24 ||    49
 Cast: Statue Form       |       |       |       |       |       |    61 |    45 |    74 ||   180
       Dragon Form       |       |       |       |       |       |       |     5 |     8 ||    13
       Blink             |       |       |       |       |       |       |     1 |     4 ||     5
Invok: Slouch            |       |       |       |     4 |     7 |     5 |    15 |    26 ||    57
 Abil: Breathe Fire      |       |       |       |       |       |       |     2 |       ||     2
       End Transformatio |       |       |       |       |       |       |       |     1 ||     1
Evoke: Wand              |       |       |       |       |       |     2 |     1 |       ||     3
       Phantom mirror    |       |       |       |       |       |       |       |     2 ||     2
  Use: Scroll            |       |       |    15 |     7 |    12 |     7 |    14 |    21 ||    76
       Potion            |       |       |     4 |    12 |     1 |     2 |     6 |    11 ||    36
 Stab: Sleeping          |       |     1 |     1 |     8 |    22 |    10 |     6 |     5 ||    53
       Distracted        |       |     1 |     1 |     1 |       |     1 |     1 |     1 ||     6
       Invisible         |       |       |     2 |     2 |       |       |       |       ||     4
       Petrifying        |       |       |       |       |     1 |       |       |       ||     1
       Petrified         |       |       |       |       |       |     5 |       |       ||     5
Armor: Robe              |    36 |    79 |   110 |    46 |       |       |       |       ||   271
       Skin              |       |       |       |    31 |       |   299 |   410 |   571 ||  1311
       Animal skin       |       |       |       |    42 |   119 |    54 |    17 |    23 ||   255
Dodge: Dodged            |    54 |    97 |   167 |   241 |   511 |   850 |   722 |   780 ||  3422
Block: Kite shield       |       |    86 |   170 |   347 |   664 |  1288 |   948 |   361 ||  3864
       Reflection        |       |       |       |       |     2 |   144 |    63 |   138 ||   347
       Other             |       |       |       |       |       |       |    12 |    16 ||    28
       Tower shield      |       |       |       |       |       |       |       |  1321 ||  1321
       Rpst.: Long sword |       |       |       |       |     8 |       |       |       ||     8

Table legend: (Time is in decaauts)
 A = Elapsed time spent in this place.
 B = Non-inter-level travel time spent in this place.
 C = Inter-level travel time spent in this place.
 D = Time resting spent in this place.
 E = Time spent auto-exploring this place.
 F = Levels seen in this place.
 G = Mean time per level.
                   A        B        C        D        E       F      G
               +--------+--------+--------+--------+--------+-----+--------+
         Total |  81701 |  72194 |   9507 |   1737 |  52353 |  55 | 1485.5 |
       Dungeon |  23560 |  19221 |   4339 |    283 |  15370 |  15 | 1570.7 |
        Temple |     66 |     45 |     21 |      0 |      0 |   1 |   66.0 |
          Lair |  10024 |   8559 |   1465 |    138 |   6726 |   6 | 1670.7 |
        Shoals |   6910 |   6620 |    290 |    288 |   4429 |   4 | 1727.5 |
     Snake Pit |   7268 |   6991 |    277 |     43 |   5515 |   4 | 1817.0 |
    Slime Pits |   1610 |   1452 |    158 |    208 |    330 |   5 |  322.0 |
  Orcish Mines |   3074 |   2744 |    330 |    128 |   1747 |   2 | 1537.0 |
   Elven Halls |   6716 |   5788 |    928 |      0 |   4237 |   3 | 2238.7 |
        Vaults |  14542 |  12912 |   1630 |    242 |   9660 |   5 | 2908.4 |
        Depths |   4410 |   4345 |     65 |    153 |   3114 |   4 | 1102.5 |
        Bazaar |    352 |    352 |      0 |      0 |     51 |   1 |  352.0 |
         Trove |    182 |    182 |      0 |      0 |      3 |   1 |  182.0 |
       Ossuary |    200 |    200 |      0 |      0 |    105 |   1 |  200.0 |
        Bailey |    722 |    722 |      0 |    176 |    177 |   1 |  722.0 |
      Ice Cave |   1398 |   1398 |      0 |     77 |    886 |   1 | 1398.0 |
      Gauntlet |    660 |    660 |      0 |      0 |      0 |   1 |  660.0 |
               +--------+--------+--------+--------+--------+-----+--------+

Top non-repeatable levels by time:
Vaults:1: 3499 daAuts
Vaults:5: 3318 daAuts
Vaults:4: 3009 daAuts
 Snake:4: 2713 daAuts
    D:15: 2589 daAuts
Vaults:3: 2424 daAuts
    D:10: 2412 daAuts
   Elf:1: 2370 daAuts
Depths:4: 2316 daAuts
   Elf:3: 2291 daAuts
Vaults:2: 2289 daAuts
  Lair:6: 2116 daAuts
   Elf:2: 2055 daAuts
    D:12: 2053 daAuts
Shoals:4: 2025 daAuts
